 Dungeon Crawl Stone Soup version 0.21-a0-426-g98080a9 (webtiles) character file.

91 Klosterheim the Poker (level 4, 0/36 HPs)
             Began as a Centaur Gladiator on Nov 5, 2017.
             Was a Believer of Uskayaw.
             Killed by divine providence
             ... invoked by an orc priest
              (11 damage)
             ... on level 4 of the Dungeon.
             The game lasted 00:03:00 (1848 turns).

Klosterheim the Poker (Centaur Gladiator)           Turns: 1848, Time: 00:03:02

Health: 0/36       AC:  5    Str: 17    XL:     4   Next: 34%
Magic:  4/4        EV: 10    Int: 11    God:    Uskayaw [**....]
Gold:   119        SH:  0    Dex: 11    Spells: 3/3 levels left

rFire    . . .     SeeInvis .   a - +0 trident
rCold    . . .     Gourm    +   (no shield)
rNeg     . . .     Faith    .   b - +0 leather armour
rPois    .         Spirit   .   c - +0 helmet
rElec    .         Reflect  .   (no cloak)
rCorr    .         Harm     .   (no gloves)
MR       .....                  (no barding)
Stlth    +.........             i - amulet of the gourmand
HPRegen  0.12/turn              r - +4 ring of intelligence
MPRegen  0.09/turn              (no ring)

@: very quick
A: hooves 3, deformed body, speed 2, tough skin 3
a: Stomp, Line Pass, Renounce Religion


You were on level 4 of the Dungeon.
You worshipped Uskayaw.
Uskayaw was noncommittal.
You were completely stuffed.

You visited 1 branch of the dungeon, and saw 3 of its levels.

You collected 119 gold pieces.

Inventory:

Hand Weapons
 a - a +0 trident (weapon)
Missiles
 d - 3 throwing nets (quivered)
Armour
 b - a +0 leather armour (worn)
 c - a +0 helmet (worn)
Jewellery
 i - an amulet of the gourmand (around neck)
 j - an uncursed amulet of regeneration {unknown}
 n - an uncursed amulet of harm {unknown}
 r - a +4 ring of intelligence (left hand)
Wands
 o - a wand of acid (11/15)
Scrolls
 e - a scroll of fear {unknown}
 g - 5 scrolls of remove curse {unknown}
 h - a scroll of enchant weapon {unknown}
 k - a scroll of fog {unknown}
 l - 3 scrolls of identify {unknown}
 q - a scroll of teleportation {unknown}
Potions
 m - a potion of agility {unknown}
 t - a potion of curing {unknown}
Comestibles
 f - 4 bread rations
 p - a royal jelly
 s - 4 chunks of flesh


   Skills:
 - Level 2.0 Fighting
 * Level 4.7 Polearms
 - Level 2.1 Throwing
 - Level 2.1 Dodging


You had 3 spell levels left.
You didn't know any spells.

Dungeon Overview and Level Annotations

Branches:
Dungeon (2/15)

Altars:
Uskayaw


Innate Abilities, Weirdness & Mutations

You have hooves in place of feet.
Armour fits poorly on your strangely shaped body.
You cover ground very quickly.
You have extremely tough skin. (AC +3)


Message History

The worker ant closely misses you.
The orc wizard casts a spell.
The orc wizard flickers and vanishes!
Deactivating autopickup; reactivate with Ctrl-A.
You puncture the worker ant!
You kill the worker ant!
You can now pass through a line of other dancers.
An orc comes into view.
You barely miss the orc priest.
The orc priest shouts!
Your kick misses the orc priest.
The orc priest hits you with a short sword.
The orc priest hits you but does no damage.
You closely miss the orc priest.
You hear some strange, mumbled words.
A magic dart appears from out of thin air!
The magic dart hits you!
The orc priest invokes the aid of Beogh against you.
Beogh smites you!
You die...

.. ...# .....(.
..###..###.......
................o .
...###.......... ..
...##.........
#.####.##o#.......
#.................
#......o...o......
#.##..@...........
.........[...##....
.......>..........#
###................
.................
##................
#...........#####
#.......(....
...........##


You could see 3 orc priests.

Vanquished Creatures
  A worker ant (D:4)
  2 adders (D:2)
  2 worms (D:2)
  A dart slug (D:1)
  2 leopard geckos
  A ball python (D:1)
  4 bats
  3 giant cockroaches
  6 goblins
  4 hobgoblins
  4 jackals (D:1)
  4 kobolds
  2 frilled lizards (D:1)
  2 rats (D:1)
38 creatures vanquished.

Notes
Turn   | Place    | Note
-------+----------+-------------------------------------------
     0 | D:1      | Klosterheim the Centaur Gladiator began the quest for the Orb.
     0 | D:1      | Reached XP level 1. HP: 17/17 MP: 1/1
   104 | D:1      | Reached skill level 3 in Polearms
   126 | D:1      | Reached XP level 2. HP: 24/24 MP: 2/2
   678 | D:2      | Reached XP level 3. HP: 29/29 MP: 3/3
   774 | D:2      | Reached skill level 4 in Polearms
  1349 | D:2      | Found a hide-covered altar of Uskayaw.
  1370 | D:2      | Became a worshipper of Uskayaw the Reveler
  1378 | D:2      | Reached * piety under Uskayaw
  1763 | D:2      | Reached XP level 4. HP: 36/36 MP: 4/4
  1830 | D:2      | You fall through a shaft for 2 floors!
  1838 | D:4      | Reached ** piety under Uskayaw
  1848 | D:4      | Killed from afar by an orc priest

Vault maps used:
D:1:      denvon_arrival_planthouse
D:2:      eat_drink_and_be_merry_uskayaw, first_bread, fountainhead,
          grunt_decor_fettered
D:4:      grunt_temple_overflow_open, minmay_temple_entry_glassed_door,
          minmay_misc_feat_nine_boxes, grunt_qazlal_sundering

Skill      XL: |  1  2  3 |
---------------+----------+-----
Polearms       | 3 4 |  4.7
Fighting       | |  2.0
Throwing       | |  2.1
Dodging        | |  2.1

Action                   |  1- 3 |  4- 6 || total
-------------------------+-------+-------++-------
Melee: Spear             |    54 |       ||    54
       Kick              |    16 |     1 ||    17
       Trident           |    58 |    11 ||    69
  Eat: Chunk             |    19 |     1 ||    20
Armor: Leather armour    |    31 |     2 ||    33
Dodge: Dodged            |    46 |     5 ||    51

Table legend:
 A = Spawn XP
 B = Non-spawn XP
 C = Spawn XP percentage of total XP
 D = Spawn monster count
 E = Non-spawn monster count
 F = Spawn count percentage of total count
 G = Total turns spent on level
                    A         B        C        D         E        F      G
               +---------+---------+-------+---------+---------+-------+---------
         Total |       0 |     131 |   0.0 |       0 |      38 |   0.0 |  1848
               +---------+---------+-------+---------+---------+-------+---------
           D:1 |       0 |      39 |   0.0 |       0 |      20 |   0.0 |   668
           D:2 |       0 |      60 |   0.0 |       0 |      17 |   0.0 |  1162
           D:4 |       0 |      32 |   0.0 |       0 |       1 |   0.0 |    18
               +---------+---------+-------+---------+---------+-------+---------
